[Event "Titled Tuesday Blitz June 20 Early 2023"]
[White "Aloma Vidal, Robert"]
[Black "Pavlidou, Ekaterini"]
[WhiteFideId "2260409"]
[BlackFideId "4213262"]
[WhiteElo "2435"]
[BlackElo "2126"]
[Result "1-0"]
[Round "9"]
[TimeControl "180+2"]
[Date "2023.06.20"]
[WhiteClock "0:00:19"]
[BlackClock "0:00:18"]
[Board "95"]

1. e4 c5 2. c3 d5 3. exd5 Qxd5 4. d4 Nf6 5. Nf3 Bg4 6. Nbd2 cxd4 7. Bc4 Qd8 8. Bxf7+ Kxf7 9. Ne5+ Ke8 10. Nxg4 dxc3 11. bxc3 Qd3 12. Rb1 Nbd7 13. Rxb7 e5 14. Nxf6+ gxf6 15. Qa4 Rd8 16. h4 Bh6 17. Rh3 Bxd2+ 18. Bxd2 Qd5 19. Rxa7 Qxg2 20. Rd3 Qh1+ 21. Ke2 e4 22. Re3 f5 23. Rg3 Qxh4 24. Bg5 Qh5+ 25. Ke1 Qh1+ 26. Kd2 f4 27. Bxd8 e3+ 28. Kc2 Qe4+ 29. Qxe4+ 1-0


[Site "https://www.chess.com"]

[Event "Titled Tuesday Blitz June 20 Early 2023"]
[White "Berezin, Viktor"]
[Black "Skaric, Djuro"]
[WhiteFideId "14107872"]
[BlackFideId "934569"]
[WhiteElo "2310"]
[BlackElo "2282"]
[Result "1-0"]
[Round "9"]
[TimeControl "180+2"]
[Date "2023.06.20"]
[WhiteClock "0:00:17"]
[BlackClock "0:00:48"]
[Board "96"]

1. d4 d6 2. a4 g6 3. Nf3 Bg7 4. g3 Nf6 5. Bg2 O-O 6. O-O h6 7. Nc3 Nc6 8. a5 a6 9. e4 e5 10. dxe5 dxe5 11. h3 Be6 12. Be3 Nd7 13. Nd5 f5 14. Nh4 Kh7 15. f4 exf4 16. Nxf4 Bf7 17. exf5 g5 18. Ne6 Bxe6 19. fxe6 Rxf1+ 20. Qxf1 gxh4 21. Qf5+ Kh8 22. exd7 Qf6 23. Qxf6 Bxf6 24. Bxc6 bxc6 25. c3 Rd8 26. Rd1 Kg7 27. Bf4 Kf7 28. Bxc7 Ke6 29. Bxd8 Bxd8 30. gxh4 Ke7 31. Kg2 Bxa5 32. Kf3 Bd8 33. Kg4 Kf7 34. Kh5 1-0


[Site "https://www.chess.com"]

[Event "Titled Tuesday Blitz June 20 Early 2023"]
[White "MAHanif"]
[Black "Tokhirjonova, Gulrukhbegim"]
[BlackFideId "14203626"]
[WhiteElo "2336"]
[BlackElo "2265"]
[Result "0-1"]
[Round "9"]
[TimeControl "180+2"]
[Date "2023.06.20"]
[WhiteClock "0:00:15"]
[BlackClock "0:01:00"]
[Board "97"]

1. d4 Nf6 2. Nf3 g6 3. Nbd2 d5 4. c3 Bg7 5. e4 dxe4 6. Ng5 Bf5 7. Qb3 O-O 8. Qxb7 Nbd7 9. Ngxe4 Nxe4 10. Nxe4 Rb8 11. Qd5 e6 12. Qc6 Rb6 13. Qa4 Bxe4 14. Qxa7 c5 15. dxc5 Nxc5 16. Be3 Qd6 17. Qa3 Rc8 18. Be2 Bxg2 19. Rg1 Bd5 20. Rd1 Qc6 21. c4 Be4 22. b4 Ra6 23. Qc1 Rxa2 24. Bxc5 Bf3 25. Bxf3 Qxf3 26. Qe3 Bc3+ 0-1


[Site "https://www.chess.com"]

[Event "Titled Tuesday Blitz June 20 Early 2023"]
[White "Shuvalov, Evgenij"]
[Black "Jiganchine, Roman"]
[WhiteFideId "4187237"]
[BlackFideId "2603667"]
[WhiteElo "2080"]
[BlackElo "2340"]
[Result "1-0"]
[Round "9"]
[TimeControl "180+2"]
[Date "2023.06.20"]
[WhiteClock "0:00:59"]
[BlackClock "0:00:00"]
[Board "98"]

1. d4 d5 2. c4 e6 3. Nc3 Nf6 4. cxd5 exd5 5. Bg5 c6 6. e3 Bf5 7. Qf3 Be6 8. Bxf6 Qxf6 9. Qxf6 gxf6 10. Bd3 a5 11. Nf3 a4 12. a3 Nd7 13. Nh4 b5 14. Ne2 Nb6 15. Nf5 Nc4 16. Bxc4 bxc4 17. Neg3 Rb8 18. O-O-O c3 19. bxc3 Bxa3+ 20. Kc2 Rb2+ 21. Kd3 Rxf2 22. Rhf1 Rxg2 23. Ra1 Bb2 24. Rxa4 O-O 25. Nh5 Kh8 26. h4 Bc1 27. c4 dxc4+ 28. Rxc4 Rd2+ 29. Kc3 Bxc4 30. Kxc4 Rc2+ 31. Kd3 Rd2+ 32. Kc3 Rg2 33. Rxc1 Rg4 34. Kd3 Re8 35. Rxc6 Rf8 36. Nxf6 1-0


[Site "https://www.chess.com"]

[Event "Titled Tuesday Blitz June 20 Early 2023"]
[White "Goffredo_Fofi"]
[Black "Kuzmin, Ilya"]
[BlackFideId "4153863"]
[WhiteElo "2512"]
[BlackElo "2093"]
[Result "1-0"]
[Round "9"]
[TimeControl "180+2"]
[Date "2023.06.20"]
[WhiteClock "0:00:16"]
[BlackClock "0:00:00"]
[Board "99"]

1. d4 Nf6 2. Nf3 c5 3. d5 b5 4. Bg5 e6 5. e4 Qa5+ 6. Nbd2 Be7 7. d6 Bd8 8. e5 h6 9. exf6 hxg5 10. fxg7 Rg8 11. Ne5 Rxg7 12. Qf3 Qb6 13. Qxa8 Qxd6 14. Qe4 Bf6 15. f4 gxf4 16. Ndf3 Qb6 17. Qxf4 Ke7 18. O-O-O c4 19. Ng4 Rg6 20. Nxf6 Rxf6 21. Qg5 Nc6 22. h4 Nb4 23. a3 Nd5 24. h5 1-0


[Site "https://www.chess.com"]

[Event "Titled Tuesday Blitz June 20 Early 2023"]
[White "Czerw, Dawid"]
[Black "Rosh Jain"]
[WhiteFideId "1145746"]
[BlackFideId "25789465"]
[WhiteElo "2144"]
[BlackElo "2233"]
[Result "1-0"]
[Round "9"]
[TimeControl "180+2"]
[Date "2023.06.20"]
[WhiteClock "0:00:17"]
[BlackClock "0:00:00"]
[Board "100"]

1. e4 c5 2. Nf3 d6 3. Bb5+ Nd7 4. O-O Nf6 5. Re1 a6 6. Bd3 g6 7. c3 Bg7 8. Bc2 O-O 9. d4 e5 10. a4 b6 11. dxe5 dxe5 12. c4 Bb7 13. a5 b5 14. Nc3 bxc4 15. Nd2 Nb8 16. Nxc4 Nc6 17. Nb6 Qxd1 18. Bxd1 Rad8 19. Bg5 Nb4 20. Bb3 Rd6 21. Bxf6 Bxf6 22. Ncd5 Bxd5 23. Bxd5 Bd8 24. Nc4 Rf6 25. Nxe5 Re8 26. Nd7 Rd6 27. Nxc5 Nc2 28. Rec1 Nxa1 29. Rxa1 Bc7 30. g3 Rdd8 31. Nxa6 Bd6 32. b4 Kg7 33. b5 f5 34. f3 fxe4 35. fxe4 Be5 36. Rc1 Bd4+ 37. Kg2 Rf8 38. Rc2 Rf6 39. Nc7 Rb8 40. b6 Kh6 41. Ne6 Bxb6 42. axb6 Rxb6 43. Nf4 Rf8 44. h4 Re8 45. Nh3 Kg7 46. Rc7+ Kh8 47. Ng5 Rb2+ 48. Kh3 1-0


[Site "https://www.chess.com"]

[Event "Titled Tuesday Blitz June 20 Early 2023"]
[White "Lehtosaari, Mauri"]
[Black "Fudalej, Michal"]
[WhiteFideId "501999"]
[BlackFideId "1118781"]
[WhiteElo "2510"]
[BlackElo "2088"]
[Result "1-0"]
[Round "9"]
[TimeControl "180+2"]
[Date "2023.06.20"]
[WhiteClock "0:00:16"]
[BlackClock "0:00:00"]
[Board "101"]

1. d4 Nf6 2. Nf3 g6 3. Bg5 Bg7 4. Nbd2 d5 5. e3 O-O 6. Be2 b6 7. O-O Bb7 8. a4 a6 9. b4 c5 10. c3 Ne4 11. Nxe4 dxe4 12. Nd2 cxb4 13. cxb4 Nc6 14. Qb3 a5 15. b5 Nb4 16. Bc4 Rc8 17. Rac1 Qd7 18. Bh4 e6 19. Bg3 Bd5 20. h3 Rfd8 21. Rc3 Qb7 22. Rfc1 Nd3 23. R1c2 Nb4 24. Bxd5 exd5 25. Rc7 Qa8 26. R2c3 Bf8 27. Be5 Rxc7 28. Rxc7 Rc8 29. Qc3 Rb8 30. Nf1 Rb7 31. Rc8 Qa7 32. Bd6 Re7 33. Bxe7 Qxe7 34. Ng3 Kg7 35. Rc7 Qd6 36. Rc8 Be7 37. Qc7 1-0


[Site "https://www.chess.com"]

[Event "Titled Tuesday Blitz June 20 Early 2023"]
[White "Liu, Casper"]
[Black "Cueto, Jonny"]
[WhiteFideId "1454153"]
[BlackFideId "3300145"]
[WhiteElo "2221"]
[BlackElo "2240"]
[Result "1-0"]
[Round "9"]
[TimeControl "180+2"]
[Date "2023.06.20"]
[WhiteClock "0:02:12"]
[BlackClock "0:00:02"]
[Board "102"]

1. e4 e6 2. Nf3 d5 3. Bd3 Nf6 4. exd5 exd5 5. O-O Be7 6. c3 O-O 7. Bc2 c6 8. h3 h6 9. d4 Re8 10. Ne5 Nbd7 11. Bf4 c5 12. Re1 cxd4 13. cxd4 Qb6 14. Qd3 Qxb2 15. Nc3 Bb4 16. Nxd7 Bxd7 17. Nxd5 g6 18. Nxf6+ Kg7 19. Nxe8+ Rxe8 20. Be5+ f6 21. Reb1 Qc3 22. Qxg6+ Kf8 23. Qxf6+ 1-0


[Site "https://www.chess.com"]

[Event "Titled Tuesday Blitz June 20 Early 2023"]
[White "Veiga, Jose Francisco R P Neves"]
[Black "Toncheva, Nadya"]
[WhiteFideId "1930087"]
[BlackFideId "2924056"]
[WhiteElo "2319"]
[BlackElo "2101"]
[Result "1-0"]
[Round "9"]
[TimeControl "180+2"]
[Date "2023.06.20"]
[WhiteClock "0:00:11"]
[BlackClock "0:00:01"]
[Board "103"]

1. c4 c5 2. Nc3 g6 3. g3 Bg7 4. Bg2 Nc6 5. a3 e6 6. Rb1 Nge7 7. b4 cxb4 8. axb4 O-O 9. b5 Nb8 10. Bb2 a6 11. bxa6 Rxa6 12. Nf3 Nbc6 13. O-O d5 14. cxd5 exd5 15. d3 Bg4 16. Nb5 Qd7 17. Bxg7 Kxg7 18. Qd2 Rfa8 19. Qc3+ Kg8 20. Nfd4 Nxd4 21. Nxd4 Nc6 22. e3 Ra3 23. Qc5 Rxd3 24. Rxb7 Qxb7 25. Bxd5 Rc8 26. Nxc6 Kg7 27. Bg2 Qb2 28. Qe7 Qf6 29. Qb7 Rd2 30. Nd4 Rd8 31. h3 Bc8 32. Qc6 Ba6 33. Qxf6+ Kxf6 34. Ra1 Rd6 35. h4 h5 36. Ra5 Rb6 37. Ra1 Kg7 38. Bd5 Kf6 39. Kg2 Bb7 40. Bxb7 Rxb7 41. Ra6+ Kg7 42. Ra1 Rbb2 43. Rf1 Ra2 44. Nf3 Rdb2 45. Kg1 f6 46. Kg2 Kh6 47. Nd4 Rd2 48. Nf3 Rdb2 49. Kg1 g5 50. hxg5+ fxg5 51. Kg2 Kg6 52. Ne5+ Kf5 53. Nd3 Rd2 54. Nb4 Rab2 55. Nc6 h4 56. gxh4 gxh4 57. Kf3 Kg5 58. Nd4 Kh5 59. Ne6 Rd6 60. Nf4+ Kh6 61. Rh1 Kg5 62. Rg1+ Kh6 63. Rg4 Rdd2 64. Rxh4+ Kg7 65. Rh2 Rdc2 66. Nd3 Ra2 67. Ke4 Ra1 68. Rh3 Ra4+ 69. Kf3 Rc3 70. Rg3+ Kf8 71. Nf4 Kf7 72. Kg4 Rc8 73. Rf3 Rg8+ 74. Kf5 Ra5+ 75. Ke4 Ke7 76. Nd5+ Kd6 77. Rf6+ Kc5 78. Nf4 Re8+ 79. Kf3 Ra2 80. Rf5+ Kc6 81. Rf6+ Kc5 82. Ne2 Rh8 83. Nd4 Rh3+ 84. Kg4 Rh2 85. f4 Rhg2+ 86. Kf5 Rad2 87. Ke4 Rd1 88. Rc6+ Kb4 89. Rc8 Ka5 90. Kd5 Kb6 91. Rc6+ Kb7 92. Rc3 Rg8 93. f5 Rd8+ 94. Ke5 Re8+ 95. Kf6 Rf8+ 96. Ke7 Rxd4 97. Kxf8 Re4 1-0


[Site "https://www.chess.com"]

[Event "Titled Tuesday Blitz June 20 Early 2023"]
[White "Santos Flores, Alberto"]
[Black "Gubajdullin, Alexei"]
[WhiteFideId "3601234"]
[BlackFideId "4141202"]
[WhiteElo "2235"]
[BlackElo "2279"]
[Result "1-0"]
[Round "9"]
[TimeControl "180+2"]
[Date "2023.06.20"]
[WhiteClock "0:00:10"]
[BlackClock "0:00:12"]
[Board "104"]

1. e4 g6 2. d4 Bg7 3. Nc3 d6 4. Be3 a6 5. Nf3 b5 6. Bd3 Nd7 7. d5 Ngf6 8. Nd4 Ne5 9. f3 Bd7 10. Qd2 c5 11. dxc6 Nxc6 12. h4 b4 13. Nce2 Nxd4 14. Nxd4 e5 15. Nb3 a5 16. Bc4 Qc7 17. Bd3 d5 18. Bh6 O-O 19. h5 a4 20. hxg6 fxg6 21. Bxg7 Kxg7 22. Qh6+ Kg8 23. Nc1 a3 24. Ne2 axb2 25. Rb1 Rxa2 26. exd5 Ra1 27. Kd2 Rxb1 28. Rxb1 Be8 29. Rxb2 Nxd5 30. Be4 Qc5 31. Ke1 Nf4 32. Qg5 Nxe2 33. Kxe2 Bb5+ 34. Bd3 Bxd3+ 35. cxd3 Qc3 36. Qd2 Rc8 37. Rxb4 Qc5 38. Rb2 Qc4 39. dxc4 Kg7 40. Qd3 1-0


[Site "https://www.chess.com"]

[Event "Titled Tuesday Blitz June 20 Early 2023"]
[White "Manukian, Artak"]
[Black "Domingo Nunez, Ruben"]
[WhiteFideId "13301373"]
[BlackFideId "22245570"]
[WhiteElo "2130"]
[BlackElo "2404"]
[Result "1-0"]
[Round "9"]
[TimeControl "180+2"]
[Date "2023.06.20"]
[WhiteClock "0:00:12"]
[BlackClock "0:00:00"]
[Board "105"]

1. e4 g6 2. d4 Bg7 3. c4 d6 4. Nc3 Nd7 5. Bg5 h6 6. Be3 e5 7. d5 a5 8. g4 Bf6 9. Qd2 Bg5 10. Bd3 Bxe3 11. Qxe3 Nc5 12. Bc2 Qg5 13. h3 Bd7 14. Nf3 Qf6 15. Nd2 Ne7 16. O-O-O g5 17. Nb3 b6 18. Nxc5 bxc5 19. Ba4 Bxa4 20. Nxa4 h5 21. f3 Qf4 22. Kd2 Kd7 23. Nc3 Ng6 24. Ne2 Qf6 25. Ng3 h4 26. Nh5 Qe7 27. Rb1 Rhb8 28. b3 Rb4 29. a3 Rb6 30. Qc3 Qd8 31. Kc2 Ke7 32. Rb2 f6 33. Rhb1 Kf7 34. b4 axb4 35. axb4 cxb4 36. Rxb4 Ra2+ 37. R1b2 Rxb4 38. Qxb4 Rxb2+ 39. Kxb2 Qa8 40. c5 Qa6 41. cxd6 cxd6 42. Kb3 Qd3+ 43. Qc3 Qb5+ 44. Qb4 Qd3+ 45. Qc3 Qd1+ 46. Kb4 Qb1+ 47. Ka5 Qb7 48. Qc6 Qa7+ 49. Kb5 Qb8+ 50. Ka6 Ne7 51. Qd7 Qa8+ 52. Kb6 Qb8+ 53. Qb7 Qd8+ 54. Qc7 Qa8 55. Ng7 Qc8 56. Ne6 1-0


[Site "https://www.chess.com"]

[Event "Titled Tuesday Blitz June 20 Early 2023"]
[White "Balla, Tamas-Kristof"]
[Black "Gontcharov, Vladislav"]
[WhiteFideId "1208497"]
[BlackFideId "4123492"]
[WhiteElo "2334"]
[BlackElo "2420"]
[Result "0-1"]
[Round "9"]
[TimeControl "180+2"]
[Date "2023.06.20"]
[WhiteClock "0:00:10"]
[BlackClock "0:00:20"]
[Board "106"]

1. e4 e6 2. d4 d5 3. Nd2 Be7 4. e5 c5 5. c3 Nc6 6. Ndf3 cxd4 7. cxd4 Bb4+ 8. Bd2 Qa5 9. Ne2 Nge7 10. Nc3 Nf5 11. a3 Nfxd4 12. Nxd4 Nxd4 13. Bd3 Be7 14. O-O Nc6 15. Qg4 g6 16. Rfe1 Qb6 17. Bg5 Qd4 18. Ne4 dxe4 19. Bxe4 Nxe5 20. Qf4 f6 21. Bxf6 Nf3+ 22. Qxf3 Qxf6 23. Qb3 O-O 24. Bf3 Rb8 25. Rad1 b6 26. h3 Bc5 27. Kh1 Qf7 28. Bg4 e5 29. Qc3 Bxg4 30. hxg4 Qxf2 31. Qxe5 Qh4+ 32. Qh2 Qxh2+ 33. Kxh2 0-1


[Site "https://www.chess.com"]

[Event "Titled Tuesday Blitz June 20 Early 2023"]
[White "Matveeva, Olga"]
[Black "Srdanovic, Jovana"]
[WhiteFideId "24107018"]
[BlackFideId "954810"]
[WhiteElo "2009"]
[BlackElo "2155"]
[Result "1-0"]
[Round "9"]
[TimeControl "180+2"]
[Date "2023.06.20"]
[WhiteClock "0:00:07"]
[BlackClock "0:00:14"]
[Board "107"]

1. d4 d5 2. c4 c6 3. Nf3 Nf6 4. e3 Bf5 5. Nc3 e6 6. Nh4 Be4 7. f3 Bg6 8. Bd2 Nbd7 9. Qb3 Qb6 10. Nxg6 hxg6 11. Be2 Qxb3 12. axb3 Bd6 13. f4 a6 14. Kf2 Rc8 15. c5 Bb8 16. b4 Ne4+ 17. Nxe4 dxe4 18. h4 Nf6 19. g3 Ke7 20. Rag1 Rh7 21. Bc3 Nd5 22. Bc4 Rch8 23. Ke2 f6 24. Be1 g5 25. fxg5 fxg5 26. Rf1 gxh4 27. gxh4 g5 28. Rh3 g4 29. Rhh1 g3 30. Rfg1 Rxh4 31. Rxh4 Rxh4 32. Bxg3 Bxg3 33. Rxg3 Rh2+ 34. Kd1 Rxb2 35. Bxd5 exd5 36. Rg7+ Ke6 37. Rxb7 a5 38. Rb6 axb4 39. Rxc6+ Kf5 40. Rd6 Kg4 41. Rxd5 Kf3 42. c6 Kxe3 43. c7 Kd3 44. Ke1 e3 45. Kf1 e2+ 46. Kf2 e1=Q+ 47. Kxe1 Rc2 48. Rc5 b3 49. c8=Q b2 50. Qb7 Rc1+ 51. Kf2 b1=Q 52. Qxb1+ Rxb1 53. d5 Rb2+ 54. Kf3 Kd4 55. Ra5 Rc2 56. Kf4 Rc5 57. Rxc5 Kxc5 58. Ke5 Kb6 59. Ke6 Kc7 60. Ke7 Kc8 61. d6 Kb7 62. d7 Kb6 63. d8=Q+ Kc5 64. Qd6+ Kc4 65. Qe5 1-0


[Site "https://www.chess.com"]

[Event "Titled Tuesday Blitz June 20 Early 2023"]
[White "Degenbaev, Aziz"]
[Black "Grossboss19"]
[WhiteFideId "13802640"]
[WhiteElo "2152"]
[BlackElo "2438"]
[Result "0-1"]
[Round "9"]
[TimeControl "180+2"]
[Date "2023.06.20"]
[WhiteClock "0:00:00"]
[BlackClock "0:00:13"]
[Board "108"]

1. e4 c6 2. d4 d5 3. e5 Bf5 4. Nd2 e6 5. Nb3 Ne7 6. Nf3 h6 7. Be2 Nd7 8. O-O Qc7 9. Bd2 c5 10. dxc5 Nxc5 11. Nfd4 a6 12. Bb4 Nxb3 13. axb3 Rc8 14. Bd6 Qd7 15. b4 Nc6 16. Nxf5 exf5 17. Qxd5 Bxd6 18. exd6 O-O 19. c3 Rfe8 20. Bf3 Re5 21. Qd2 Rd8 22. Rfd1 Re6 23. Qf4 Rxd6 24. Rxd6 Qxd6 25. Qxf5 Ne5 26. h3 Nxf3+ 27. Qxf3 Rd7 28. Re1 g6 29. g3 Kg7 30. h4 h5 31. Kg2 Qd2 32. Re8 Qxb2 33. Qe3 Qb3 34. Qe5+ f6 35. Qc5 Qf7 36. Rc8 Qe7 37. Qc4 Qf7 38. Qf4 Qd5+ 39. Kh2 Qe5 40. Qc4 Qd5 41. Qxd5 Rxd5 42. Rc7+ Kh6 43. Rxb7 Rd2 44. Kg2 Rc2 45. Rc7 g5 46. Rc6 Kg6 47. c4 gxh4 48. gxh4 Kf5 49. c5 Rc4 50. Rb6 Rxh4 51. c6 Rc4 52. Kh3 Kg5 53. Rxa6 Rxb4 54. Ra5+ Kg6 55. Rc5 Rb8 56. Kh4 Rc8 57. f4 Kf7 58. Kxh5 Ke6 59. Kg6 Kd6 60. Rc2 Ke6 61. f5+ Ke5 62. c7 Rg8+ 63. Kf7 Rc8 0-1


[Site "https://www.chess.com"]

[Event "Titled Tuesday Blitz June 20 Early 2023"]
[White "Goldin, Roman"]
[Black "Parpiev, Isaak"]
[WhiteFideId "2803860"]
[BlackFideId "34281576"]
[WhiteElo "2312"]
[BlackElo "2167"]
[Result "0-1"]
[Round "9"]
[TimeControl "180+2"]
[Date "2023.06.20"]
[WhiteClock "0:00:00"]
[BlackClock "0:01:06"]
[Board "109"]

1. d4 Nf6 2. Nf3 g6 3. g3 Bg7 4. Bg2 O-O 5. O-O d6 6. Nc3 c6 7. e4 Nbd7 8. a4 a5 9. h3 e5 10. Re1 Qc7 11. b3 Re8 12. Ba3 Bf8 13. dxe5 dxe5 14. Bxf8 Kxf8 15. Nd2 Nb6 16. Nf1 Kg7 17. Ne3 Be6 18. Qe2 Rad8 19. Qf1 h5 20. f4 h4 21. f5 Bc8 22. Ng4 Nxg4 23. hxg4 hxg3 24. g5 Qd6 25. f6+ Kh7 26. Qf3 Qc5+ 27. Re3 Rh8 28. Qxg3 Kg8 29. Re1 Na8 30. Kf1 Nc7 31. Ne2 Ne6 32. Rc3 Qd6 33. Rd3 Qc7 34. Red1 Rxd3 35. Rxd3 Rh5 36. Bh3 Rxg5 37. Qh2 Rh5 38. Qg3 Nf4 39. Nxf4 exf4 40. Qg4 Bxg4 41. Bxg4 Qe5 42. Rd8+ Kh7 43. Bxh5 gxh5 0-1


[Site "https://www.chess.com"]

[Event "Titled Tuesday Blitz June 20 Early 2023"]
[White "Ambartsumova, Karina"]
[Black "Szente Varga, Fruzsina"]
[WhiteFideId "4166299"]
[BlackFideId "712264"]
[WhiteElo "2240"]
[BlackElo "1994"]
[Result "1-0"]
[Round "9"]
[TimeControl "180+2"]
[Date "2023.06.20"]
[WhiteClock "0:00:20"]
[BlackClock "0:00:00"]
[Board "110"]

1. Nf3 d5 2. c4 c6 3. e3 Bg4 4. Nc3 e5 5. Qb3 Bxf3 6. Qxb7 Bxg2 7. Bxg2 Nd7 8. Qxc6 Nf6 9. Nxd5 Rc8 10. Nxf6+ gxf6 11. Qa4 Qb6 12. b3 f5 13. Bb2 Bg7 14. O-O-O Rc7 15. d4 e4 16. Bh3 Qf6 17. Ba3 Kd8 18. Rhg1 Kc8 19. Qb5 Bh6 20. Qxf5 Qa6 21. Kb2 Rd8 22. Qxf7 Kb8 23. Qd5 Rb7 24. Rg8 1-0


[Site "https://www.chess.com"]

[Event "Titled Tuesday Blitz June 20 Early 2023"]
[White "Melikhov, Evgeny V."]
[Black "Leenhouts, Koen"]
[WhiteFideId "4122046"]
[BlackFideId "1008439"]
[WhiteElo "2158"]
[BlackElo "2409"]
[Result "0-1"]
[Round "9"]
[TimeControl "180+2"]
[Date "2023.06.20"]
[WhiteClock "0:00:02"]
[BlackClock "0:00:08"]
[Board "111"]

1. d4 Nf6 2. c4 g6 3. Nc3 d5 4. Nf3 Bg7 5. e3 O-O 6. Be2 c6 7. O-O Bg4 8. cxd5 cxd5 9. h3 Bxf3 10. Bxf3 Nc6 11. Bd2 Rc8 12. Rc1 e6 13. Qb3 Na5 14. Qa4 Nc4 15. Rc2 a6 16. Rfc1 Nxd2 17. Rxd2 Rc6 18. Rdc2 Qc7 19. Ne2 Rxc2 20. Qxc2 Qb6 21. a3 Ne8 22. b4 Nd6 23. Qc5 Qd8 24. Nf4 Nc4 25. a4 Qd7 26. Nxd5 exd5 27. Qxd5 Qxd5 28. Bxd5 Nd6 29. Rc7 Rd8 30. Bxb7 Rb8 31. Bxa6 Rxb4 32. Bb5 Nxb5 33. axb5 Rxb5 34. g3 Bf8 35. h4 Rd5 36. Kg2 Kg7 37. Kf3 Rd6 38. Rc2 Rf6+ 39. Ke2 Re6 40. Ra2 Re7 41. Ra6 Rd7 42. Ra2 Rd6 43. Kf3 Kf6 44. Rb2 Ke6 45. Rc2 f6 46. Ke4 Rd7 47. Rc6+ Bd6 48. Ra6 Ke7 49. Kf3 Kf7 50. Ra2 Be7 51. Rc2 Rb7 52. Ra2 Rb3 53. Rc2 Ra3 54. Rb2 Rc3 55. Ra2 Ke6 56. Rb2 Bd6 57. Ra2 Rc1 58. Rb2 Kd5 59. Rb5+ Kc6 60. Rb2 Rc3 61. Ra2 Ra3 62. Rc2+ Kd5 63. Rc8 Ra2 64. Rh8 Bb4 65. Rxh7 Be1 66. Rh6 Rxf2+ 67. Kg4 Ke4 68. Rxg6 Rf3 69. Kh3 Kxe3 70. h5 f5 71. h6 Bc3 72. Rd6 Bxd4 73. Rxd4 Rf1 74. Rh4 f4 75. gxf4 Kf3 76. Kh2 Rf2+ 77. Kh1 Kg3 78. Rg4+ Kxg4 79. h7 Kg3 80. Kg1 Rg2+ 81. Kf1 Rh2 82. f5 Rxh7 83. Ke2 Rf7 84. Ke3 Rf6 85. Ke4 Kg4 86. Ke5 Rxf5+ 87. Ke6 Rf4 0-1


[Site "https://www.chess.com"]

[Event "Titled Tuesday Blitz June 20 Early 2023"]
[White "Petrova, Irina"]
[Black "De La Villa Garcia, Jesus Maria"]
[WhiteFideId "14124122"]
[BlackFideId "2200040"]
[WhiteElo "2084"]
[BlackElo "2524"]
[Result "0-1"]
[Round "9"]
[TimeControl "180+2"]
[Date "2023.06.20"]
[WhiteClock "0:00:40"]
[BlackClock "0:02:02"]
[Board "112"]

1. e4 c6 2. d4 d5 3. Nc3 dxe4 4. Nxe4 Nf6 5. Nxf6+ exf6 6. Be3 Bd6 7. Bd3 O-O 8. Ne2 Re8 9. Qd2 Nd7 10. O-O Nf8 11. Rfe1 Be6 12. Bf4 Ng6 13. Bxd6 Qxd6 14. c3 Rad8 15. Ng3 Nf4 16. Rad1 Bxa2 17. Nf5 Qc7 18. Bc2 Bd5 19. f3 g6 20. Nh6+ Kg7 21. Ng4 h5 22. Nf2 b5 23. Ne4 a5 24. Nc5 a4 25. Kf2 Nh3+ 26. gxh3 Qxh2+ 27. Kf1 Qh1+ 28. Kf2 Qxf3+ 29. Kg1 Qg3+ 30. Kf1 Qxh3+ 31. Kg1 Qh1+ 32. Kf2 Qg2# 0-1


[Site "https://www.chess.com"]

[Event "Titled Tuesday Blitz June 20 Early 2023"]
[White "Ismayil, Malak"]
[Black "sebastianmarinp"]
[WhiteFideId "13412604"]
[WhiteElo "1868"]
[BlackElo "2373"]
[Result "1-0"]
[Round "9"]
[TimeControl "180+2"]
[Date "2023.06.20"]
[WhiteClock "0:01:29"]
[BlackClock "0:00:00"]
[Board "113"]

1. e4 e5 2. Nf3 Nc6 3. Bc4 Nf6 4. d3 Be7 5. Nc3 O-O 6. O-O d6 7. h3 Na5 8. Bb3 Nxb3 9. axb3 c5 10. Bg5 Be6 11. Nd2 d5 12. Bxf6 Bxf6 13. Nxd5 Bxd5 14. exd5 Qxd5 15. Ne4 Be7 16. Nc3 Qc6 17. Qe2 Bd6 18. Ne4 Bc7 19. Rae1 Rae8 20. Nc3 a6 21. Qe4 Qxe4 22. dxe4 Rd8 23. Rd1 Rd4 24. f3 Rfd8 25. Nd5 Bd6 26. c3 Rxd1 27. Rxd1 f6 28. Kf2 Kf7 29. Ke3 Ke6 30. c4 b5 31. Ra1 bxc4 32. bxc4 Rb8 33. Rxa6 Rxb2 34. Nc7+ Kd7 35. Nb5 Be7 36. Ra7+ Kd8 37. Ra8+ Kd7 38. Ra7+ Kd8 39. g4 Rh2 40. Nc7 g6 41. Nd5 Bd6 42. Nxf6 Bc7 43. Ra8+ Ke7 44. Nd5+ Kd6 45. Ra6+ Kd7 46. Ra7 1-0


[Site "https://www.chess.com"]

[Event "Titled Tuesday Blitz June 20 Early 2023"]
[White "Sovetbekova, Nurai"]
[Black "whiteglovethief"]
[WhiteFideId "13801910"]
[WhiteElo "1857"]
[BlackElo "2515"]
[Result "1/2-1/2"]
[Round "9"]
[TimeControl "180+2"]
[Date "2023.06.20"]
[WhiteClock "0:00:09"]
[BlackClock "0:00:06"]
[Board "114"]

1. d4 Nf6 2. c4 g6 3. Nc3 Bg7 4. e4 d6 5. Nf3 O-O 6. Be2 e5 7. d5 a5 8. Bg5 Na6 9. Nd2 Nc5 10. h4 Bd7 11. h5 c6 12. hxg6 fxg6 13. Nf3 a4 14. Qc1 Qa5 15. Bh6 Ncxe4 16. Bxg7 Kxg7 17. Qh6+ Kg8 18. Ng5 Nxc3 19. Nxh7 Nxe2+ 20. Kxe2 Bg4+ 21. f3 Bh5 22. Rxh5 gxh5 23. Qg6+ Kh8 24. Nxf6 Rxf6 25. Qxf6+ Kg8 26. Qg6+ Kf8 27. Qf6+ Ke8 28. dxc6 bxc6 29. Qxd6 Rd8 30. Qxc6+ Ke7 31. Qe4 Qd2+ 32. Kf1 Qxb2 33. Re1 Kf6 34. f4 Re8 35. fxe5+ Rxe5 36. Qxe5+ Qxe5 37. Rxe5 Kxe5 38. Ke2 Kd4 39. c5 Kxc5 40. Kd3 Kb4 41. Kc2 h4 42. Kb2 Kc4 43. Ka3 Kb5 44. Kb2 Kb4 45. a3+ Kc4 46. Kc2 Kd4 47. Kd2 Ke4 48. Ke2 Kf4 49. Kf2 Kg4 50. Ke2 Kg3 51. Kf1 Kf4 52. Kf2 Ke4 53. Ke2 Kd4 54. Kd2 Kc4 55. Kc2 Kd4 56. Kd2 1/2-1/2


[Site "https://www.chess.com"]

[Event "Titled Tuesday Blitz June 20 Early 2023"]
[White "Buscar, Michael"]
[Black "Camilla_Lee"]
[WhiteFideId "2603616"]
[WhiteElo "2010"]
[BlackElo "2512"]
[Result "0-1"]
[Round "9"]
[TimeControl "180+2"]
[Date "2023.06.20"]
[WhiteClock "0:00:04"]
[BlackClock "0:00:16"]
[Board "115"]

1. Nf3 d5 2. b3 Nf6 3. Bb2 c6 4. e3 Bg4 5. c4 e6 6. cxd5 cxd5 7. Be2 Nc6 8. O-O h6 9. a3 Bd6 10. d3 e5 11. Nbd2 O-O 12. Re1 Qe7 13. b4 a6 14. Qb3 Rac8 15. Rac1 b5 16. Qa2 a5 17. bxa5 Nxa5 18. Rxc8 Rxc8 19. Qa1 Nd7 20. Rc1 Rxc1+ 21. Qxc1 Qd8 22. Nd4 Bxe2 23. Nxe2 Nb6 24. Nf3 f6 25. Bc3 Nc6 26. Qb1 Na7 27. Qb3 Bc7 28. Ba5 Kh7 29. Nc3 Qd7 30. Bxb6 Bxb6 31. Qxd5 Qc7 32. Ne2 Qc5 33. Qe4+ Kg8 34. Qa8+ Nc8 35. h4 Kf7 36. h5 Ba7 37. Qb7+ Ne7 38. Nh4 Ke6 39. Ng6 Nf5 40. Ng3 Nxg3 41. fxg3 Qxe3+ 42. Kh2 Qg1+ 43. Kh3 Qh1+ 44. Kg4 f5+ 45. Kf3 Qf1# 0-1


[Site "https://www.chess.com"]

[Event "Titled Tuesday Blitz June 20 Early 2023"]
[White "Ziatdinov, Raset"]
[Black "Akylbek2021"]
[WhiteFideId "2015323"]
[WhiteElo "2220"]
[BlackElo "2506"]
[Result "1-0"]
[Round "9"]
[TimeControl "180+2"]
[Date "2023.06.20"]
[WhiteClock "0:01:53"]
[BlackClock "0:01:48"]
[Board "116"]

1. e4 e6 2. d4 d5 3. exd5 exd5 4. Nf3 Bd6 5. Bd3 Nc6 6. O-O Bg4 7. c3 Nge7 8. Bg5 f6 9. Bh4 Qd7 10. Nbd2 g5 11. Bg3 h5 12. b4 h4 13. Bxd6 Qxd6 14. Re1 O-O-O 15. a4 Rde8 16. a5 Nd8 17. b5 Ne6 18. b6 a6 19. bxc7 Nf4 20. Bf1 Nf5 21. Qc2 h3 22. g3 Ne6 23. c4 Qxc7 24. Rac1 Nexd4 25. Nxd4 Nxd4 26. Rxe8+ Rxe8 27. Qb2 Ne2+ 28. Bxe2 Rxe2 29. cxd5 Kb8 30. Rxc7 Re1+ 31. Nf1 Kxc7 32. Qc3+ 1-0


[Site "https://www.chess.com"]